 Dungeon Crawl Stone Soup version 0.29.1-13-g9f3cf754e1 (webtiles) character file.

Game seed: 16633203992705002696

53 zeram the Caller (level 3, 0/31 HPs)
             Began as a Troll Summoner on Feb 2, 2023.
             Slain by Crazy Yiuf
             ... wielding a +4 quarterstaff of chaos
              (6 damage)
             ... on level 2 of the Dungeon.
             The game lasted 00:02:38 (1165 turns).

zeram the Caller (Troll Summoner)                   Turns: 1165, Time: 00:02:39

Health: 0/31       AC:  4    Str: 16    XL:     3   Next: 64%
Magic:  1/3        EV: 10    Int: 13    God:
Gold:   158        SH:  0    Dex: 10    Spells: 1/4 levels left

rFire   . . .      SeeInvis .   e - +0 mace
rCold   . . .      Faith    .   (no shield)
rNeg    . . .      Spirit   .   a - +0 robe
rPois   .          Reflect  .   (helmet restricted)
rElec   .          Harm     .   (no cloak)
rCorr   .          Rampage  .   (gloves unavailable)
Will    .....                   (boots unavailable)
Stlth   +.........              (no amulet)
HPRegen 0.90/turn               (no ring)
MPRegen 0.08/turn               (no ring)

@: no status effects
A: large, unfitting armour, claws 3, regeneration 1, shaggy fur 1, tough skin 1
a: no special abilities


You were on level 2 of the Dungeon.
You visited 1 branch of the dungeon, and saw 2 of its levels.

You collected 158 gold pieces.

Inventory:

Hand Weapons
 e - a +0 mace (weapon)
Armour
 a - a +0 robe (worn)
Jewellery
 f - a ring of protection from fire
Scrolls
 c - 2 scrolls of identify
 d - a scroll of immolation
 g - a scroll of noise
Potions
 b - a potion of magic


   Skills:
 - Level 0.2 Fighting
 + Level 1.2 Maces & Flails
 + Level 2.0 Dodging
 - Level 1.0 Stealth
 - Level 0.1 Unarmed Combat
 - Level 1.2 Spellcasting
 + Level 3.5 Summonings


You had one spell level left.
You knew the following spells:

 Your Spells              Type           Power      Damage    Failure   Level
a - Summon Small Mammal   Summ           36%        N/A       6%          1
b - Call Imp              Summ           9%         N/A       10%         2

Your spell library contained the following spells:

 Spells                   Type           Power      Damage    Failure   Level
 Call Canine Familiar     Summ           9%         N/A       19%         3
 Static Discharge         Conj/Air       0%         3-3/arc   38%         2
 Summon Guardian Golem    Hex/Summ       5%         N/A       38%         3
 Summon Lightning Spire   Summ/Air       5%         N/A       80%         4
 Anguish                  Hex/Necr       0%         N/A       95%         4
 Lightning Bolt           Conj/Air       0%         1d11      100%        5
 Enfeeble                 Hex            0%         N/A       100%        7
 Maxwell's Capacitive Co  Air            0%         ∞         100%        8


Dungeon Overview and Level Annotations

Branches:
Dungeon (2/15)

Altars:

Shops:
D:1 [

Annotations:
D:2 Crazy Yiuf


Innate Abilities, Weirdness & Mutations

You are too large for most types of armour.
You have claws for hands.
Your natural rate of healing is unusually fast.
You are covered in fur. (AC +1)
You have tough skin. (AC +1)


Message History

You see here a +2 hammer of protection.
Found two hammers.
You see here a +0 hammer.
Crazy Yiuf yells, "Cake sallow canine!"
You see here a +2 hammer of protection.
You see here a +0 hammer.
You see here a frilled lizard corpse.
You see here a +0 mace.
You see here a +0 mace.
You see here a frilled lizard skeleton.
Key pressed, stopping explore.
You see here a +0 hammer.
You see here a +2 hammer of protection.
Crazy Yiuf shouts!
Crazy Yiuf grits, "Rifle!
Shower sanguine Xom."
You see here a +0 hammer.
Okay, then.
You aren't carrying any items that you can evoke.
As you read the scroll labelled WAUK PEROG, it crumbles to dust.
It is a scroll of identify.
d - a scroll of immolation
As you read the scroll of identify, it crumbles to dust.
g - a scroll of noise You open the door.
You hit Crazy Yiuf.
Crazy Yiuf is moderately wounded.
Crazy Yiuf barely misses you.
Okay, then.
You barely miss Crazy Yiuf.
Crazy Yiuf is moderately wounded.
Crazy Yiuf hits you with a +4 quarterstaff of chaos!
Crazy Yiuf burns you.
Crazy Yiuf hits you with a +4 quarterstaff of chaos!
* * * LOW HITPOINT WARNING * * *
Crazy Yiuf freezes you.
* * * LOW HITPOINT WARNING * * *
Cast which spell? (? or * to list)
A metallic apparition takes form in the air.
Crazy Yiuf hits you with a +4 quarterstaff of chaos.
You die...

...##.#.######..#####.#..........
#..##.#.# #..#####.#........##
#..##.#.# #.>.........###.#.#
...##.#.# ###############.#>#
##.##.#.# #......# ......#.##
♣♣♣♣♣##.####.## .###.....# ###
♣♣♣.♣......# #... .##.....##
#)).#♣)5♣)......# #### .##.....#
#.).g@♣♣♣♣......# †.......#
#)).#♣♣ ♣♣....## ##......# ###
♣♣#### ##......# ......#.#
##.###..# ### #.# #.## #.# #.#
#.# #.# ##.# #.# #<#


You could see Crazy Yiuf (ally target) and a friendly iron imp (summoned).

Vanquished Creatures
  An adder (D:2)
  2 dart slugs (D:2)
  5 bats
  3 endoplasms (D:2)
  3 giant cockroaches (D:1)
  3 goblins
  7 hobgoblins
  3 kobolds
  4 ball pythons (D:1)
  A frilled lizard (D:2)
  5 rats
37 creatures vanquished.

Notes
Turn   | Place    | Note
-------+----------+-------------------------------------------
     0 | D:1      | zeram the Troll Summoner began the quest for the Orb.
     0 | D:1      | Reached XP level 1. HP: 16/16 MP: 1/1
    20 | D:1      | Reached skill level 3 in Summonings
   118 | D:1      | Reached XP level 2. HP: 22/24 MP: 2/2
   139 | D:1      | Found Ozavir Lylla's Armour Shoppe.
   413 | D:1      | Learned a level 2 spell: Call Imp
   478 | D:2      | Found a faded altar of an unknown god.
   495 | D:2      | Reached XP level 3. HP: 31/31 MP: 3/3
   782 | D:2      | Reached skill level 1 in Maces & Flails
  1000 | D:2      | Found a runed translucent door.
  1001 | D:2      | Noticed Crazy Yiuf
  1165 | D:2      | Slain by Crazy Yiuf

Illustrated notes

Levels and vault maps discovered:
D:1:      tarquinn_simple_flora_water_f, layout_rooms, serial_shops,
          shop_fountains, kennysheep_small_spiral
D:2:      layout_loops_ring, hellmonk_ecumenical_altar_inner_sanctum,
          uniq_crazy_yiuf_cottage

Skill      XL: |  1  2  3 |
---------------+----------+-----
Summonings     | 3 |  3.5
Dodging        | 2 |  2.0
Maces & Flails | 1 |  1.2
Fighting       | |  0.2
Stealth        | |  1.0
Unarmed Combat | |  0.1
Spellcasting   | |  1.2

Action                   || total
-------------------------++-------
Melee: Unarmed           ||    21
       Mace              ||    83
 Cast: Call Imp          ||     1
  Use: Scroll            ||     2
 Stab: Sleeping          ||     3
Armor: Robe              ||    51
Dodge: Dodged            ||    67
